 Dungeon Crawl Stone Soup version 0.30-a0-347-gf58ed5266c (webtiles) character file.

Game seed: 11766997745531821124

41 p00ps00p the Trooper (level 3, -2/33 HPs)
             Began as a Hill Orc Fighter on Nov 7, 2022.
             Slain by Crazy Yiuf
             ... wielding a +2 quarterstaff of chaos
              (7 damage)
             ... on level 2 of the Dungeon.
             The game lasted 00:02:24 (2058 turns).

p00ps00p the Trooper (Hill Orc Fighter)             Turns: 2058, Time: 00:02:25

Health: -2/33      AC:  7    Str: 20    XL:     3   Next: 52%
Magic:  3/3        EV:  9    Int:  8    God:
Gold:   121        SH:  4    Dex: 10    Spells: 2/2 levels left

rFire   . . .      SeeInvis .    a - +0 war axe
rCold   . . .      Faith    .    c - +0 buckler
rNeg    . . .      Spirit   .    b - +0 scale mail
rPois   .          Reflect  .    (no helmet)
rElec   .          Harm     .    (no cloak)
rCorr   .          Rampage  .    (no gloves)
Will    .....                    (no boots)
Stlth   ..........               (no amulet)
HPRegen 0.25/turn                (no ring)
MPRegen 0.08/turn                (no ring)

@: hasted, very quick
A: no striking features
a: no special abilities


You were on level 2 of the Dungeon.
You visited 1 branch of the dungeon, and saw 2 of its levels.

You collected 121 gold pieces.

Inventory:

Hand Weapons
 a - a +0 war axe (weapon)
Armour
 b - a +0 scale mail (worn)
 c - a +0 buckler (worn)
Jewellery
 i - a ring of fire
 k - a ring of protection from cold
 n - an amulet of faith
Scrolls
 e - a scroll of magic mapping {unknown}
 g - a scroll of identify
 j - 2 scrolls of enchant weapon {unknown}
 m - a scroll of fog
Potions
 d - 2 potions of heal wounds
 f - 2 potions of mutation {unknown}
 h - 4 potions of brilliance
 l - a potion of flight


   Skills:
 + Level 4.1 Fighting
 + Level 3.4 Axes
 + Level 3.7 Armour
 + Level 3.7 Shields


You had 2 spell levels left.
You didn't know any spells.
Your spell library contained the following spells:

 Spells                   Type           Power      Damage    Failure   Level
 Ensorcelled Hibernation  Hex/Ice        0%         N/A       94%         2
 Passwall                 Tmut/Erth      0%         N/A       94%         2
 Gell's Gravitas          Tloc           0%         N/A       99%         3
 Ignite Poison            Fire/Tmut/Pois 0%         N/A       99%         3
 Lesser Beckoning         Tloc           0%         N/A       99%         3
 Mephitic Cloud           Conj/Pois/Air  0%         N/A       99%         3
 Swiftness                Air            0%         N/A       99%         3
 Teleport Other           Tloc           0%         N/A       99%         3
 Summon Ice Beast         Ice/Summ       0%         N/A       100%        4
 Freezing Cloud           Conj/Ice/Air   0%         6-21      100%        5


Dungeon Overview and Level Annotations

Branches:
Dungeon (2/15)

Altars:

Shops:
D:2 (

Annotations:
D:2 Crazy Yiuf


Message History

The bat hits you but does no damage. The bat hits you but does no damage. x2
The bat barely misses you. The bat hits you but does no damage. x2
You slash the bat!
You kill the bat!
No target in view!
No target in view!
No target in view!
No target in view!
No target in view!
No target in view!
No target in view!
No target in view!
No target in view!
No target in view!
No target in view!
No target in view!
No target in view!
No target in view!
No target in view!
No target in view!
You see here a bat skeleton.
You see here a staff of earth.
Found a hammer.
Found a runed translucent door.
Crazy Yiuf shouts!
Could not explore, unopened runed door.
Could not explore, unopened runed door.
Could not explore, unopened runed door.
You open the door. You barely miss Crazy Yiuf.
Crazy Yiuf hits you with a +2 quarterstaff of chaos!
Space warps around you.
Crazy Yiuf hits you with a +2 quarterstaff of chaos!
* * * LOW HITPOINT WARNING * * *
You feel yourself speed up.
You hit Crazy Yiuf.
Crazy Yiuf is moderately wounded.
Crazy Yiuf hits you with a +2 quarterstaff of chaos!
You die...

##.# ##.. #..#
##.# #.## #..#
##.# ##.## #..#
##..# #.########
#..##
#.#.+..#.### ###
###.##
#.......#..##...#
#...#
#......####@g...#
#.### ##..+.##
###..)# ##.#
###### ### ##..#
#..## #.##
####..# #.....#
#.....# #.....#


You could see Crazy Yiuf.

Vanquished Creatures
  3 dart slugs
  5 bats
  5 endoplasms
  3 goblins
  2 hobgoblins (D:1)
  3 kobolds
  A quokka (D:1)
  5 ball pythons
  2 frilled lizards (D:1)
  2 rats (D:1)
31 creatures vanquished.

Notes
Turn   | Place    | Note
-------+----------+-------------------------------------------
     0 | D:1      | p00ps00p the Hill Orc Fighter began the quest for the Orb.
     0 | D:1      | Reached XP level 1. HP: 19/19 MP: 1/1
   422 | D:1      | Reached XP level 2. HP: 24/27 MP: 2/2
   619 | D:1      | Found a faded altar of an unknown god.
   700 | D:1      | Reached skill level 4 in Fighting
   742 | D:1      | Reached XP level 3. HP: 32/33 MP: 3/3
  1064 | D:1      | Got the Cyclopedia of Virous Ice
  1191 | D:2      | Found Pecs's Weapon Boutique.
  2052 | D:2      | Found a runed translucent door.
  2053 | D:2      | Noticed Crazy Yiuf
  2058 | D:2      | Slain by Crazy Yiuf

Illustrated notes

Levels and vault maps discovered:
D:1:      eino_arrival_cavern_b, layout_loops_ring,
          ebering_ecumenical_altar_hall, st_stairs_12
D:2:      layout_rooms, serial_shops, shop, kennysheep_generic_room_14,
          uniq_crazy_yiuf_cottage

Skill      XL: |  1  2 |
---------------+-------+-----
Axes           | 3 |  3.4
Fighting       | 4 |  4.1
Armour         | |  3.7
Shields        | |  3.7

Action                   || total
-------------------------++-------
Melee: War axe           ||    72
  Use: Scroll            ||     5
       Potion            ||     5
Armor: Scale mail        ||    38
Dodge: Dodged            ||    42
Block: Buckler           ||    19

Table legend: (Time is in decaauts)
 A = Elapsed time spent in this place.
 B = Non-inter-level travel time spent in this place.
 C = Inter-level travel time spent in this place.
 D = Time resting spent in this place.
 E = Time spent auto-exploring this place.
 F = Levels seen in this place.
 G = Mean time per level.
                   A        B        C        D        E       F      G
               +--------+--------+--------+--------+--------+-----+--------+
         Total |   2068 |   2034 |     34 |    675 |   1059 |   2 | 1034.0 |
       Dungeon |   2068 |   2034 |     34 |    675 |   1059 |   2 | 1034.0 |
               +--------+--------+--------+--------+--------+-----+--------+

Top non-repeatable levels by time:
     D:1: 1214 daAuts
     D:2: 854 daAuts
